 Dungeon Crawl Stone Soup version 0.23.2-1-ga50397a6bc (webtiles) character file.

Game seed: 14634942725426609199

811 Mrkan the Conjurer (level 7, 0/51 HPs)
             Began as a Gnoll Conjurer on May 20, 2019.
             Slain by a worker ant (3 damage)
             ... on level 5 of the Dungeon.
             The game lasted 00:13:09 (5674 turns).

Mrkan the Conjurer (Gnoll Conjurer)                 Turns: 5674, Time: 00:13:09

Health: 0/51       AC: -2    Str: 10    XL:     7   Next: 93%
Magic:  15/15      EV: 13    Int: 27    God:
Gold:   254        SH:  0    Dex: 17    Spells: 12/17 levels left

rFire    . . .     SeeInvis .   f - +1 spear of Superiority {pierce, *Corrode Int+7 Dex+2} (curse)
rCold    . . .     Gourm    .   (no shield)
rNeg     . . .     Faith    .   l - +0 ring mail
rPois    .         Spirit   .   (no helmet)
rElec    .         Reflect  .   (no cloak)
rCorr    .         Harm     .   (no gloves)
MR       .....                  (no boots)
Stlth    ++........             (no amulet)
HPRegen  0.17/turn              (no ring)
MPRegen  0.14/turn              (no ring)

@: corroded, starving
A: distributed training, fangs 1, strong nose
a: no special abilities


You were on level 5 of the Dungeon.
You were starving.

You visited 1 branch of the dungeon, and saw 6 of its levels.

You collected 254 gold pieces.

Inventory:

Hand Weapons
 a - a +2 halberd of protection
 f - the cursed +1 spear of Superiority (weapon) {pierce, *Corrode Int+7 Dex+2}
   (You found it on level 5 of the Dungeon)

   It inflicts extra damage upon your enemies.
   It affects your intelligence (+7).
   It affects your dexterity (+2).
   It may corrode you when you take damage.
   It has a curse placed upon it.
 w - a +0 spear
 y - a +0 war axe of venom
Missiles
 p - 28 poisoned needles
 t - 4 exploding tomahawks (quivered)
Armour
 l - a +0 ring mail (worn)
 z - the cursed +1 leather armour of the Wilderness {+Fly Str+2 Dex+3 Stlth+, unknown}
   (You found it on level 5 of the Dungeon)

   It affects your strength (+2).
   It affects your dexterity (+3).
   It lets you fly.
   It makes you more stealthy.
   It has a curse placed upon it.
Jewellery
 e - an uncursed amulet of guardian spirit
 j - an uncursed ring of ice
Wands
 h - a wand of iceblast (7)
Scrolls
 b - 3 scrolls of identify
 d - a scroll of teleportation {unknown}
 g - 5 scrolls of remove curse {unknown}
 k - a scroll of fear {unknown}
 n - 2 scrolls of enchant armour {unknown}
 o - a scroll of random uselessness {unknown}
 q - a scroll of blinking {unknown}
 s - 5 scrolls of magic mapping {unknown}
 u - 2 scrolls of amnesia {unknown}
 v - 2 scrolls of enchant weapon
 A - a scroll of fog {unknown}
Potions
 i - a potion of cancellation {unknown}
 r - a potion of berserk rage {unknown}
 x - 2 potions of lignification {unknown}
Comestibles
 c - 7 rations


   Skills:
 + Level 2.7 Fighting
 + Level 2.7 Short Blades
 + Level 2.7 Long Blades
 + Level 2.7 Axes
 + Level 2.7 Maces & Flails
 + Level 2.7 Polearms
 + Level 2.7 Staves
 + Level 2.7 Slings
 + Level 2.7 Bows
 + Level 2.7 Crossbows
 + Level 2.7 Throwing
 + Level 2.7 Armour
 + Level 5.4 Dodging
 + Level 5.0 Stealth
 + Level 2.7 Shields
 + Level 2.7 Unarmed Combat
 + Level 5.7 Spellcasting
 + Level 7.5 Conjurations
 + Level 2.2 Hexes
 + Level 2.2 Charms
 + Level 2.2 Summonings
 + Level 2.2 Necromancy
 + Level 2.2 Translocations
 + Level 2.2 Transmutations
 + Level 2.2 Fire Magic
 + Level 2.2 Ice Magic
 + Level 2.2 Air Magic
 + Level 2.2 Earth Magic
 + Level 2.2 Poison Magic
 + Level 3.0 Invocations
 + Level 2.7 Evocations


You had 12 spell levels left.
You knew the following spells:

 Your Spells              Type           Power        Failure   Level  Hunger
a - Magic Dart            Conj           ####         1%          1    None
b - Iskenderun's Mystic   Conj           #####...     8%          4    ###....

Your spell library contained the following spells:

 Spells                   Type           Power        Failure   Level  Hunger
 Searing Ray              Conj           #####.       1%          2    None
 Conjure Flame            Conj/Fire      ####....     7%          3    None
 Dazzling Spray           Conj/Hex       ####..       7%          3    None
 Blink                    Tloc           N/A          10%         2    None
 Call Imp                 Summ           ###.....     10%         2    None
 Slow                     Hex            ###.....     10%         2    None
 Mephitic Cloud           Conj/Pois/Air  ####....     10%         3    None
 Force Lance              Conj/Tloc      ####....     22%         4    ###....
 Fulminant Prism          Conj/Hex       ####......   22%         4    ###....


Dungeon Overview and Level Annotations

Branches:
Dungeon (6/15)
 Temple: D:4-7

Altars:
Qazlal

Shops:
D:5 }


Innate Abilities, Weirdness & Mutations

Your experience applies equally to all skills.
You have very sharp teeth.
Your uncanny sense of smell can sniff out nearby items.


Message History

The worker ant is heavily wounded.
You feel sick. The worker ant misses you.
You feel better. The worker ant closely misses you.
You hit the worker ant but do no damage.
The worker ant is heavily wounded.
The worker ant barely misses you.
You hit the worker ant but do no damage.
The worker ant is heavily wounded.
The worker ant bites you!
* * * LOW HITPOINT WARNING * * *
You hit the worker ant.
The worker ant is heavily wounded.
The worker ant bites you!
* * * LOW HITPOINT WARNING * * *
Your corrosive artefact corrodes you!
You hit the worker ant but do no damage.
You bite the worker ant, but do no damage.
The worker ant is heavily wounded.
The worker ant bites you.
You die...

### ##.## ######## ##...##
#))).†.########### ##.....##
#†###.>.#......... ###.......##
#a# ##).#.######## #..........#
#@# #..#.# #.#.......## #K#
#..#≈## #.##.....## #.# ##..#≈≈#
#.###...## #.# #..##≈≈## #.#
##.## #.# #..#≈≈≈≈# #.# #.# #.#
#..#≈≈≈≈# ##.####.########.#
#..#≈≈≈≈#
.................###..##≈≈#######
...####..).).......##..#≈≈.......


You could see a worker ant and a kobold.

Vanquished Creatures
  An ice beast (D:5)
  An ogre (D:4)
  2 big kobolds (D:5)
  A howler monkey (D:4)
  A bullfrog zombie (D:5)
  2 bullfrog skeletons (D:5)
  A hound (D:4)
  2 orc wizards
  3 worker ants
  A hound skeleton (D:4)
  A worker ant zombie (D:5)
  A howler monkey skeleton (D:4)
  4 adders
  3 oozes
  An adder zombie (D:4)
  2 worms
  2 dart slugs (D:1)
  3 leopard geckos
  14 orcs
  5 ball pythons
  11 bats
  4 giant cockroaches
  11 goblins
  4 hobgoblins
  15 jackals
  5 quokkas
  5 frilled lizards
  9 kobolds
  A leopard gecko skeleton (D:4)
  A quokka zombie (D:5)
  8 rats
125 creatures vanquished.

Notes
Turn   | Place    | Note
-------+----------+-------------------------------------------
     0 | D:1      | Mrkan the Gnoll Conjurer began the quest for the Orb.
     0 | D:1      | Reached XP level 1. HP: 13/13 MP: 6/6
    60 | D:1      | Reached XP level 2. HP: 19/19 MP: 3/7
   311 | D:1      | Reached XP level 3. HP: 24/25 MP: 1/9
   391 | D:1      | Reached skill level 5 in Spellcasting
   912 | D:2      | Reached skill level 1 in Invocations
  1079 | D:2      | Reached skill level 1 in Fighting
  1079 | D:2      | Reached skill level 1 in Short Blades
  1079 | D:2      | Reached skill level 1 in Long Blades
  1079 | D:2      | Reached skill level 1 in Axes
  1079 | D:2      | Reached skill level 1 in Maces & Flails
  1079 | D:2      | Reached skill level 1 in Polearms
  1079 | D:2      | Reached skill level 1 in Staves
  1079 | D:2      | Reached skill level 1 in Slings
  1079 | D:2      | Reached skill level 1 in Bows
  1079 | D:2      | Reached skill level 1 in Crossbows
  1079 | D:2      | Reached skill level 1 in Throwing
  1079 | D:2      | Reached skill level 1 in Armour
  1079 | D:2      | Reached skill level 1 in Shields
  1079 | D:2      | Reached skill level 1 in Unarmed Combat
  1079 | D:2      | Reached skill level 1 in Evocations
  1174 | D:2      | Reached XP level 4. HP: 32/32 MP: 7/11
  1681 | D:3      | Reached skill level 1 in Hexes
  1681 | D:3      | Reached skill level 1 in Charms
  1681 | D:3      | Reached skill level 1 in Summonings
  1681 | D:3      | Reached skill level 1 in Necromancy
  1681 | D:3      | Reached skill level 1 in Translocations
  1681 | D:3      | Reached skill level 1 in Transmutations
  1681 | D:3      | Reached skill level 1 in Fire Magic
  1681 | D:3      | Reached skill level 1 in Ice Magic
  1681 | D:3      | Reached skill level 1 in Air Magic
  1681 | D:3      | Reached skill level 1 in Earth Magic
  1681 | D:3      | Reached skill level 1 in Poison Magic
  1692 | D:3      | Reached XP level 5. HP: 37/37 MP: 1/12
  2188 | D:3      | Found a stormy altar of Qazlal.
  2287 | D:4      | Noticed an ogre
  2445 | D:3      | Learned a level 4 spell: Iskenderun's Mystic Blast
  2455 | D:4      | Killed an ogre
  2455 | D:4      | Reached XP level 6. HP: 44/44 MP: 0/13
  2714 | D:4      | Reached skill level 5 in Dodging
  3047 | D:4      | Found a stormy altar of Qazlal.
  3580 | D:5      | Entered Level 5 of the Dungeon
  3580 | D:5      | Found Mowal's Gadget Shoppe.
  3772 | D:5      | Reached XP level 7. HP: 39/50 MP: 15/15
  3802 | D:5      | Got a twisted spear
  3803 | D:5      | Identified the cursed +1 spear of Superiority {pierce,
                  | *Corrode Int+7 Dex+2} (You found it on level 5 of the
                  | Dungeon)
  4160 | D:5      | HP: 1/51 [big kobold/+2 halberd of protection (12)]
  4736 | D:5      | Reached skill level 5 in Stealth
  5245 | D:5      | Got a jacinth-encrusted leather armour
  5674 | D:5      | Slain by a worker ant

Skill      XL: |  1  2  3  4  5  6  7 |
---------------+----------------------+-----
Spellcasting   | 5 |  5.7
Invocations    | 1 2 3 |  3.0
Fighting       | 1 2 |  2.7
Short Blades   | 1 2 |  2.7
Long Blades    | 1 2 |  2.7
Axes           | 1 2 |  2.7
Maces & Flails | 1 2 |  2.7
Polearms       | 1 2 |  2.7
Staves         | 1 2 |  2.7
Slings         | 1 2 |  2.7
Bows           | 1 2 |  2.7
Crossbows      | 1 2 |  2.7
Throwing       | 1 2 |  2.7
Armour         | 1 2 |  2.7
Shields        | 1 2 |  2.7
Unarmed Combat | 1 2 |  2.7
Evocations     | 1 2 |  2.7
Hexes          | 1 2 |  2.2
Charms         | 1 2 |  2.2
Summonings     | 1 2 |  2.2
Necromancy     | 1 2 |  2.2
Translocations | 1 2 |  2.2
Transmutations | 1 2 |  2.2
Fire Magic     | 1 2 |  2.2
Ice Magic      | 1 2 |  2.2
Air Magic      | 1 2 |  2.2
Earth Magic    | 1 2 |  2.2
Poison Magic   | 1 2 |  2.2
Dodging        | 5 |  5.4
Stealth        | 5 |  5.0
Conjurations   | |  7.5

Action                   |  1- 3 |  4- 6 |  7- 9 || total
-------------------------+-------+-------+-------++-------
Melee: Unarmed           |    34 |     9 |       ||    43
       Bite              |     4 |     4 |    19 ||    27
       Spear             |       |    48 |   134 ||   182
       War axe           |       |    11 |     2 ||    13
Throw: Tomahawk          |       |       |     1 ||     1
 Cast: Magic Dart        |    58 |   124 |    37 ||   219
       Iskenderun's Myst |       |     4 |     1 ||     5
  Use: Scroll            |       |     4 |     1 ||     5
       Potion            |       |     2 |     2 ||     4
 Stab: Sleeping          |       |       |     1 ||     1
  Eat: Chunk             |     1 |     8 |     1 ||    10
       Ration            |       |       |     1 ||     1
Armor: Robe              |     2 |       |       ||     2
       Ring mail         |       |    39 |    47 ||    86
Dodge: Dodged            |    37 |    59 |   139 ||   235
